 Dungeon Crawl Stone Soup version 0.28-a0-464-g0687ed57fd (webtiles) character file.

Game seed: 1580601192519128682

774 Morbidden the Chiller (level 7, 0/55 HPs)
             Began as a Demigod Ice Elementalist on Sept 14, 2021.
             Slain by a water moccasin zombie (3 damage)
             ... on level 5 of the Dungeon.
             The game lasted 00:08:44 (5318 turns).

Morbidden the Chiller (Demigod Ice Elementalist)    Turns: 5318, Time: 00:08:44

Health: 0/55       AC:  4    Str:  9    XL:     7   Next: 28%
Magic:  2/17       EV: 12    Int: 25    God:
Gold:   184        SH:  0    Dex: 14    Spells: 11/15 levels left

rFire   . . .      SeeInvis .   d - +0 dagger
rCold   . . .      Faith    .   (no shield)
rNeg    . . .      Spirit   .   a - +0 robe
rPois   .          Reflect  .   i - +0 helmet
rElec   .          Harm     .   (no cloak)
rCorr   .          Rampage  .   (no gloves)
Will    +....      Clarity  +   g - +0 pair of boots
Stlth   ++........              (no amulet)
HPRegen 0.18/turn               f - ring of willpower
MPRegen 0.15/turn               (no ring)

@: brilliant, freezing walls
A: high mp 1, forlorn, clarity, inability to read while threatened, MP-powered
wands
a: no special abilities


You were on level 5 of the Dungeon.
You visited 1 branch of the dungeon, and saw 5 of its levels.

You collected 184 gold pieces.

Inventory:

Hand Weapons
 d - a +0 dagger (weapon)
Armour
 a - a +0 robe (worn)
 g - a +0 pair of boots (worn)
 i - a +0 helmet (worn)
Magical Staves
 r - a staff of air
Jewellery
 f - a ring of willpower (left hand)
 m - a +6 ring of dexterity
Wands
 k - a wand of flame (2)
Scrolls
 j - 2 scrolls of teleportation
 o - a scroll of summoning
 q - 3 scrolls of identify


   Skills:
 * Level 2.2 Fighting
 + Level 1.4 Short Blades
 + Level 2.7 Dodging
 + Level 2.3 Stealth
 * Level 4.5 Spellcasting
 + Level 5.5 Ice Magic
 * Level 1.3 Air Magic
 + Level 0.4 Evocations


You had 11 spell levels left.
You knew the following spells:

 Your Spells              Type           Power      Damage    Failure   Level
a - Freeze                Ice            100%       1d11      1%          1
b - Frozen Ramparts       Ice            98%        1d11      2%          3

Your spell library contained the following spells:

 Spells                   Type           Power      Damage    Failure   Level
 Ozocubu's Armour         Ice            49%        N/A       2%          3
 Hailstorm                Conj/Ice       29%        3d8       28%         4


Dungeon Overview and Level Annotations

Branches:
Dungeon (5/15)
 Temple: D:4-7


Innate Abilities, Weirdness & Mutations

Your attributes grow dramatically as you level up.
You have an increased reservoir of magic. (+10% MP)
You shall have no god before yourself.
You possess an exceptional clarity of mind.
You sometimes lose the ability to read scrolls when taking damage.
You expend magic power (3 MP) to strengthen your wands.


Message History

The hound zombie is almost destroyed.
The now-empty wand crumbles to dust.
The water moccasin zombie completely resists.
The wall freezes the water moccasin zombie but does no damage.
The hound zombie resists.
The wall freezes the hound zombie.
You destroy the hound zombie!
Unknown command.
Unknown command.
Unknown command.
Unknown command.
Casting: Freeze (safe; 1% risk of failure)
Confirm with . or Enter, or press ? or * to list all spells.
Aiming: Freeze (safe; 1% risk of failure)
Press: ? - help, Shift-Dir - straight line, f - orc
Aim: an orc, wielding a +0 flail and wearing a +0 scale mail (heavily wounded)
You feel a surge of power!
You freeze the orc.
You kill the orc!
The water moccasin zombie resists.
The wall freezes the water moccasin zombie.
The water moccasin zombie resists.
The wall freezes the water moccasin zombie.
The water moccasin zombie bites you.
* * * LOW HITPOINT WARNING * * *
Unknown command.
Unknown command.
Unknown command.
Unknown command.
Casting: Freeze (safe; 1% risk of failure)
Confirm with . or Enter, or press ? or * to list all spells.
Aiming: Freeze (safe; 1% risk of failure)
Press: ? - help, Shift-Dir - straight line, f - water moccasin zombie
Aim: a water moccasin zombie (heavily damaged)
You feel a surge of power!
You freeze the water moccasin zombie.
The water moccasin zombie resists.
The water moccasin zombie is heavily damaged.
An orc comes into view. It is wielding a +0 morningstar.
The water moccasin zombie completely resists.
The wall freezes the water moccasin zombie but does no damage.
The water moccasin zombie bites you.
You die...

*,,,,,,,,,,,,,,,,,,,,
*.....##.,,,,**,,,,,,
**......####,******,,
*......#...,,* **, ###
###........,,,,******,
###.####.........,,,,,,**,*,, *
##.#..##...##...#,,,,,,,,*,*≈≈ *
#.....$....##..##*,,,,,,,,,*≈≈ *
#....<....###@..#**,,,,,<,,*≈≈ #*
#..##.......Z#...#**,,,,,,,*≈≈
.####††#..>....<#.......,,,****≈∩
...#..).........##......,,,** *≈≈
........................,,,,* *≈≈
........................,,,,***≈≈
........#..........$...#,,,,,,*≈≈
........#.o............#*,,,,,*,,
...................##.,*,,,,,,,,,


You could see an orc and a water moccasin zombie.

Vanquished Creatures
  2 necrophages
  A bullfrog (D:5)
  2 scorpions
  A howler monkey (D:4)
  A centaur zombie (D:3)
  2 bullfrog skeletons
  2 hounds
  Ijyb (D:3)
  An orc wizard (D:4)
  A hound zombie (D:5)
  5 adders
  6 gnolls
  An adder zombie (D:5)
  2 dart slugs
  4 orcs
  7 ball pythons
  4 bats
  5 endoplasms
  4 giant cockroaches
  5 goblins
  3 hobgoblins
  4 jackals (D:5)
  2 quokkas
  3 frilled lizards
  7 kobolds
  3 rats (D:1)
79 creatures vanquished.

Notes
Turn   | Place    | Note
-------+----------+-------------------------------------------
     0 | D:1      | Morbidden the Demigod Ice Elementalist began the quest for
                  | the Orb.
     0 | D:1      | Reached XP level 1. HP: 14/14 MP: 5/5
   536 | D:1      | Reached skill level 4 in Ice Magic
   536 | D:1      | Reached XP level 2. HP: 4/20 MP: 2/7
  1336 | D:1      | Reached XP level 3. HP: 23/27 MP: 5/8
  1340 | D:1      | Learned a level 3 spell: Frozen Ramparts
  2309 | D:3      | Noticed Ijyb
  2324 | D:3      | Killed Ijyb
  2540 | D:3      | Reached skill level 1 in Fighting
  2540 | D:3      | Reached XP level 4. HP: 14/35 MP: 1/10
  3559 | D:3      | You fall into a shaft and drop 1 floor!
  3597 | D:4      | Reached XP level 5. HP: 12/40 MP: 2/12
  4190 | D:4      | Noticed a necrophage
  4216 | D:4      | Killed a necrophage
  4217 | D:4      | Reached skill level 5 in Ice Magic
  4292 | D:4      | Reached XP level 6. HP: 46/47 MP: 10/14
  4956 | D:4      | Reached skill level 1 in Short Blades
  5229 | D:5      | Entered Level 5 of the Dungeon
  5305 | D:5      | Reached skill level 1 in Air Magic
  5305 | D:5      | Reached XP level 7. HP: 13/55 MP: 1/16
  5307 | D:5      | Gained mutation: You possess an exceptional clarity of
                  | mind. [potion of mutation]
  5307 | D:5      | Gained mutation: You sometimes lose the ability to read
                  | scrolls when taking damage. [potion of mutation]
  5307 | D:5      | Gained mutation: You expend magic power (3 MP) to
                  | strengthen your wands. [potion of mutation]
  5318 | D:5      | Slain by a water moccasin zombie

Illustrated notes

Levels and vault maps discovered:
D:1:      nagdon_arrival_zigzag_paths, layout_loops_ring,
          shapermc_ecumenical_altar_mp_vishouse
D:2:      layout_loops_ring, kennysheep_generic_room_2
D:3:      layout_basic, uniq_ijyb
D:4:      layout_cave_pods, mainiacjoe_overflow_alcove_4, grunt_dithmenos_smoke,
          grunt_temple_overflow_open, grunt_gozag_breadcrumbs, minmay_cut_off
D:5:      lemuel_castle_with_subvaults [lemuel_castle_interior_carwin_3],
          layout_cave_pools, serial_shops, shop, portal_sewer_entry_f,
          nicolae_underground_beach

Skill      XL: |  1  2  3  4  5  6 |
---------------+-------------------+-----
Spellcasting   | 2 3 4 |  4.5
Ice Magic      | 4 5 |  5.5
Fighting       | 1 2 |  2.2
Dodging        | 2 |  2.7
Stealth        | 2 |  2.3
Short Blades   | 1 |  1.4
Air Magic      | 1 |  1.3
Evocations     | |  0.4

Action                   |  1- 3 |  4- 6 |  7- 9 || total
-------------------------+-------+-------+-------++-------
Melee: Dagger            |    31 |   105 |       ||   136
 Cast: Freeze            |    48 |    24 |     6 ||    78
       Frozen Ramparts   |     6 |    18 |     1 ||    25
Evoke: Wand              |     5 |     7 |     3 ||    15
  Use: Scroll            |       |     5 |       ||     5
       Potion            |       |     1 |     4 ||     5
 Stab: Sleeping          |     4 |     2 |       ||     6
Armor: Robe              |    11 |    40 |     1 ||    52
Dodge: Dodged            |    54 |   102 |     8 ||   164

Table legend: (Time is in decaauts)
 A = Elapsed time spent in this place.
 B = Non-inter-level travel time spent in this place.
 C = Inter-level travel time spent in this place.
 D = Time resting spent in this place.
 E = Time spent auto-exploring this place.
 F = Levels seen in this place.
 G = Mean time per level.
                   A        B        C        D        E       F      G
               +--------+--------+--------+--------+--------+-----+--------+
         Total |   5313 |   5223 |     90 |    699 |   3822 |   5 | 1062.6 |
       Dungeon |   5313 |   5223 |     90 |    699 |   3822 |   5 | 1062.6 |
               +--------+--------+--------+--------+--------+-----+--------+

Top non-repeatable levels by time:
     D:4: 1669 daAuts
     D:1: 1574 daAuts
     D:3: 1256 daAuts
     D:2: 726 daAuts
     D:5: 87 daAuts
